 Dungeon Crawl Stone Soup version 0.28.0-45-g0d030f2227 (webtiles) character file.

Game seed: 13564526867400369362

195 Zeld the Conjurer (level 5, -2/63 HPs)
             Began as a Draconian Conjurer on Apr 11, 2022.
             Succumbed to a scorpion's poison
             ... on level 4 of the Dungeon.
             The game lasted 00:04:58 (4601 turns).

Zeld the Conjurer (Draconian Conjurer)              Turns: 4601, Time: 00:04:58

Health: -2/63      AC:  5    Str: 10    XL:     5   Next: 45%
Magic:  0/9        EV: 12    Int: 20    God:
Gold:   110        SH:  0    Dex:  9    Spells: 3/10 levels left

rFire   . . .      SeeInvis .   (no weapon)
rCold   . . .      Faith    .   (no shield)
rNeg    . . .      Spirit   .   (armour unavailable)
rPois   .          Reflect  .   (helmet restricted)
rElec   .          Harm     .   (no cloak)
rCorr   .          Rampage  .   (no gloves)
Will    .....                   (no boots)
Stlth   ..........              (no amulet)
HPRegen 0.20/turn               (no ring)
MPRegen 0.11/turn               (no ring)

@: berserking, lethally poisoned (-2 -> -17), very quick
A: AC +5, unfitting armour, cold-blooded
a: no special abilities


You were on level 4 of the Dungeon.
You visited 1 branch of the dungeon, and saw 4 of its levels.

You collected 110 gold pieces.

Inventory:

Scrolls
 a - 4 scrolls of identify {unknown}
 c - a scroll of silence {unknown}
 d - a scroll of noise {unknown}
 e - a scroll of teleportation {unknown}
 f - 2 scrolls of summoning {unknown}
 j - a scroll of magic mapping {unknown}
Potions
 g - a potion of flight {unknown}
 h - a potion of might {unknown}
 i - a potion of magic {unknown}


   Skills:
 + Level 2.3 Fighting
 - Level 2.0 Dodging
 - Level 2.0 Stealth
 + Level 3.0 Spellcasting
 * Level 5.4 Conjurations
 + Level 1.0 Hexes


You had 3 spell levels left.
You knew the following spells:

 Your Spells              Type           Power      Damage    Failure   Level
a - Magic Dart            Conj           96%        1d7       1%          1
b - Searing Ray           Conj           48%        2d6       2%          2
c - Fulminant Prism       Conj/Hex       7%         3d7       36%         4

Your spell library contained the following spells:

 Spells                   Type           Power      Damage    Failure   Level
 Dazzling Flash           Conj/Hex       30%        N/A       12%         3
 Apportation              Tloc           6%         N/A       14%         1
 Ensorcelled Hibernation  Hex/Ice        10%        N/A       17%         2
 Passwall                 Tmut/Erth      2%         N/A       22%         2
 Swiftness                Air            3%         N/A       38%         3
 Iskenderun's Mystic Bla  Conj/Tloc      13%        2d5       43%         4
 Alistair's Intoxication  Tmut/Pois      2%         N/A       98%         5


Dungeon Overview and Level Annotations

Branches:
Dungeon (4/15)
 Temple: D:4-7

Altars:
Nemelex Xobeh
Trog

Shops:
D:1 (

Annotations:
D:3 Sigmund
D:4 Menkaure


Innate Abilities, Weirdness & Mutations

Your plain brown scales are hard. (AC +5)
You cannot fit into any form of body armour.
You are cold-blooded and may be slowed by cold attacks.


Message History

The scorpion stings you!
The searing ray hits the scorpion.
The scorpion is moderately wounded.
You feel sick. The scorpion stings you.
You are more poisoned.
The scorpion poisons you!
The searing ray hits the scorpion but does no damage.
The scorpion is moderately wounded.
You feel very sick. The scorpion closely misses you.
The searing ray hits the scorpion.
The scorpion is heavily wounded.
You finish channelling your searing ray.
You feel very sick. The scorpion misses you.
Casting: Searing Ray (safe; 2% risk of failure)
Confirm with . or Enter, or press ? or * to list all spells.
Aiming: Searing Ray (safe; 2% risk of failure)
Press: ? - help, Shift-Dir - straight line, f/p - scorpion
Aim: a scorpion (heavily wounded, 79% to hit)
The searing ray hits the scorpion.
The scorpion is severely wounded. (Press . to maintain the ray.)
* * * LOW HITPOINT WARNING * * *
You feel very sick. The scorpion stings you.
* * * LOW HITPOINT WARNING * * *
You are more poisoned.
The scorpion poisons you! The scorpion stings you.
* * * LOW HITPOINT WARNING * * *
The searing ray hits the scorpion but does no damage.
The scorpion is severely wounded.
* * * LOW HITPOINT WARNING * * *
You feel very sick. The scorpion closely misses you.
Unknown command.
It was a potion of berserk rage.
A red film seems to cover your vision as you go berserk!
You feel yourself moving faster!
You feel mighty!
You die...

###... ..#
#.##......#..#
#.#############.##.#..#
.... ..#
#....(.........##....
###
#.#####.............#
#.$.........##>.....#
#.##.##..#####.##.###
#.##.##..#####.##.###
#....................
#.##@##.####.....###. #
#s##.# #.....# .....#
#.<...# ##.#### #.....#
#.# ####### #.# #.# ...


You could see a scorpion.

Vanquished Creatures
  A howler monkey (D:3)
  Terence (D:2)
  5 adders
  A worm (D:2)
  4 dart slugs
  4 orcs (D:3)
  4 ball pythons
  8 endoplasms
  8 giant cockroaches
  5 goblins
  9 hobgoblins
  4 quokkas
  3 bats
  A frilled lizard (D:2)
  5 kobolds
  3 rats (D:1)
66 creatures vanquished.

Notes
Turn   | Place    | Note
-------+----------+-------------------------------------------
     0 | D:1      | Zeld the Draconian Conjurer began the quest for the Orb.
     0 | D:1      | Reached XP level 1. HP: 14/14 MP: 3/3
   216 | D:2      | Reached XP level 2. HP: 22/22 MP: 0/5
   295 | D:1      | Learned a level 2 spell: Searing Ray
   348 | D:1      | Found Tuhagog's Weapon Shop.
   888 | D:1      | Reached skill level 1 in Fighting
   949 | D:1      | Reached XP level 3. HP: 10/28 MP: 0/6
  1529 | D:2      | Found a sparkling altar of Nemelex Xobeh.
  1552 | D:2      | Found a faded altar of an unknown god.
  1918 | D:2      | Noticed Terence
  2205 | D:2      | Killed Terence
  2206 | D:2      | Reached XP level 4. HP: 16/36 MP: 1/7
  2211 | D:2      | Learned a level 4 spell: Fulminant Prism
  2487 | D:3      | Found a bloodstained altar of Trog.
  2489 | D:3      | Noticed Sigmund
  2492 | D:3      | Reached skill level 5 in Conjurations
  2613 | D:3      | Reached XP level 5. HP: 41/41 MP: 4/9
  3969 | D:3      | Reached skill level 1 in Hexes
  4394 | D:4      | Noticed Menkaure
  4394 | D:4      | Noticed an ice beast
  4394 | D:4      | Noticed an ogre
  4600 | D:4      | HP: 1/42 [poisoned by a scorpion]
  4601 | D:4      | Succumbed to a scorpion's poison

Illustrated notes

Levels and vault maps discovered:
D:1:      kennysheep_arrival_seaside, layout_basic, serial_shops, shop
D:2:      layout_rooms, basic_altar, hellmonk_ecumenical_altar_arch_garden,
          grunt_ministairs_5, uniq_terence
D:3:      layout_basic, bloody_trog, uniq_sigmund
D:4:      layout_loops_cross, uniq_menkaure

Skill      XL: |  1  2  3  4  5 |
---------------+----------------+-----
Stealth        | 2 |  2.0
Dodging        | 2 |  2.0
Fighting       | 1 2 |  2.3
Conjurations   | 5 |  5.4
Hexes          | 1 |  1.0
Spellcasting   | 3 |  3.0

Action                   |  1- 3 |  4- 6 || total
-------------------------+-------+-------++-------
Melee: Unarmed           |    37 |       ||    37
       Tailslap          |     4 |       ||     4
 Cast: Magic Dart        |    81 |    59 ||   140
       Searing Ray       |     9 |     3 ||    12
  Use: Potion            |       |     1 ||     1
 Stab: Distracted        |     1 |       ||     1
Armor: Skin              |    24 |     2 ||    26
Dodge: Dodged            |    53 |     5 ||    58
